 Dungeon Crawl Stone Soup version bcrawl-1.27.6 (webtiles) character file.

Game seed: 3516300601721027486

295525 DogServant the Basher (level 9, -3/68 HPs)
             Began as a Sand Dwarf Skald on Oct 7, 2020.
             Slain by a bullfrog (8 damage)
             ... on level 6 of the Dungeon.
             The game lasted 00:12:20 (5170 turns).

DogServant the Basher (Sand Dwarf Skald)            Turns: 5170, Time: 00:12:21

Health: -3/68      AC:  7    Str: 18    XL:     9   Next: 26%
Magic:  5/14       EV: 12    Int: 15    God:
Gold:   467        SH:  4    Dex: 10    Spells: 6/15 levels left

rFire    . . .     SeeInvis .   a - +0 mace
rCold    . . .     Gourm    .   (shield restricted)
rNeg     . . .     Faith    .   m - +0 scale mail
rPois    .         Spirit   .   (no helmet)
rElec    .         Reflect  .   (no cloak)
rCorr    .         Harm     .   (no gloves)
MR       +....                  (no boots)
Stlth    ..........             s - amulet of regeneration
HPRegen  0.36/turn              (no ring)
MPRegen  0.14/turn              (no ring)

@: infused (expiring), singing, slow
A: small, slowness 1, armour attunement
a: no special abilities


You were on level 6 of the Dungeon.
You were hungry.

You visited 1 branch of the dungeon, and saw 6 of its levels.

You collected 467 gold pieces.

Inventory:

Hand Weapons
 a - a +0 mace (weapon)
Armour
 b - a +0 leather armour
 f - a +0 cloak
 m - a +0 scale mail (worn)
 w - a +0 cloak
Jewellery
 s - an amulet of regeneration (around neck)
Scrolls
 c - a scroll of enchant weapon {unknown}
 d - a scroll of fear
 g - a scroll of immolation {unknown}
 h - 7 scrolls of remove curse {unknown}
 j - 3 scrolls of teleportation {unknown}
 l - 4 scrolls of magic mapping {unknown}
 n - 2 scrolls of amnesia {unknown}
 p - a scroll of identify
Potions
 i - a potion of mutation
 k - a potion of haste
 o - a potion of brilliance
 q - a potion of flight
 r - 2 potions of degeneration {unknown}
 t - a potion of invisibility {unknown}
 u - 3 potions of lignification {unknown}
Comestibles
 e - 6 rations {!d}
 v - a chunk of flesh


   Skills:
 - Level 2.4 Fighting
 + Level 9.4 Maces & Flails
 + Level 5.9 Armour
 - Level 1.5 Dodging
 - Level 3.5 Spellcasting
 + Level 6.9 Charms
 + Level 4.2 Ice Magic


You had 6 spell levels left.
You knew the following spells:

 Your Spells              Type           Power        Failure   Level  Hunger
a - Infusion              Chrm           ###.....     1%          1    None
b - Song of Slaying       Chrm           ###.....     1%          2    None
c - Ozocubu's Armour      Chrm/Ice       ###.....     6%          3    ####...
d - Regeneration          Chrm/Necr      ##........   14%         3    ####...

Your spell library contained the following spells:

 Spells                   Type           Power        Failure   Level  Hunger
 Spectral Weapon          Hex/Chrm       ##......     14%         3    ####...
 Magic Dart               Conj           #...         19%         1    None
 Blink                    Tloc           N/A          28%         2    None
 Call Imp                 Summ           #.....       28%         2    None
 Conjure Flame            Conj/Fire      #.......     50%         3    ####...
 Mephitic Cloud           Conj/Pois/Air  #.......     50%         3    ####...
 Spider Form              Tmut/Pois      #..          50%         3    ####...


Dungeon Overview and Level Annotations

Branches:
Dungeon (6/12)
 Temple: D:4-7

Altars:
Ashenzari
Gozag
Lugonu
Uskayaw
Vehumet
Wu Jian
Xom
Zin

Shops:
D:5 }!(   D:6 *:


Innate Abilities, Weirdness & Mutations

You are small and have problems with some larger weapons.
You cover ground slowly.
Armour does not affect your spellcasting.


Message History

The bullfrog hits you!
Things that are here:
a +0 glaive; a +0 plate armour The bullfrog hits you but does no damage.
The bullfrog hits you!
* * * LOW HITPOINT WARNING * * *
The bullfrog hits you.
* * * LOW HITPOINT WARNING * * *
You barely miss the bullfrog. The bullfrog hits you.
* * * LOW HITPOINT WARNING * * *
The bullfrog hits you.
* * * LOW HITPOINT WARNING * * *
You hit the bullfrog!
The bullfrog is moderately wounded.
Your magical infusion is running out.
The bullfrog hits you but does no damage.
You hit the bullfrog.
The bullfrog is heavily wounded.
The bullfrog hits you!
You die...

......#.#.#.#.###
.#..###.#.#.#.# .#..#
#.#.#.# # ###
.#..###...#.# #.#
.#...##.#.#.#.###.#
........#.#.#.....##
............####...#
..........#...#...)#####
#...#...#.#.....@F.......#
....#.#.#.#.♣≈≈♣...#####.#
#.#.#...#.##≈≈≈PP.....
#.#.#...#.##♣≈.≈♣....#.#
#.#.#...#.##...........
#.......#.##.........#.#
###.#.#...##.......#.#..
#.......######.###.#
###.#..


You could see a bullfrog.

Vanquished Creatures
  A hippogriff (D:6)
  A crocodile (D:5)
  An orc warrior (D:6)
  An ice beast (D:6)
  A sky beast (D:5)
  An ogre (D:5)
  A centaur (D:4)
  A necrophage (D:5)
  A big kobold (D:6)
  2 bullfrogs
  3 scorpions
  5 crimson imps
  A quasit (D:5)
  4 hounds
  5 iguanas
  2 orc wizards
  5 worker ants
  A hound zombie (D:3)
  A hound skeleton (D:5)
  8 gnolls
  5 adders
  4 oozes
  An adder skeleton (D:4)
  2 worms
  2 dart slugs (D:1)
  4 leopard geckos
  14 orcs
  2 ball pythons
  7 bats
  7 goblins (D:1)
  2 hobgoblins (D:1)
  8 jackals
  A quokka (D:3)
  2 frilled lizards
  A jackal skeleton (D:5)
  3 kobolds
  9 rats
120 creatures vanquished.

Vanquished Creatures (others)
  4 toadstools (D:5)
4 creatures vanquished.

Grand Total: 124 creatures vanquished

Notes
Turn   | Place    | Note
-------+----------+-------------------------------------------
     0 | D:1      | DogServant the Sand Dwarf Skald began the quest for the
                  | Orb.
     0 | D:1      | Reached XP level 1. HP: 18/18 MP: 3/3
   242 | D:1      | Reached XP level 2. HP: 25/25 MP: 0/5
   677 | D:1      | Reached skill level 4 in Maces & Flails
   735 | D:1      | Reached XP level 3. HP: 29/30 MP: 3/6
   775 | D:1      | Learned a level 2 spell: Song of Slaying
   779 | D:1      | Learned a level 3 spell: Ozocubu's Armour
  1598 | D:2      | Found a glowing silver altar of Zin.
  1778 | D:3      | Reached XP level 4. HP: 34/37 MP: 0/7
  1799 | D:3      | Reached skill level 5 in Maces & Flails
  1888 | D:3      | Reached XP level 5. HP: 33/42 MP: 4/8
  2681 | D:4      | Reached XP level 6. HP: 45/50 MP: 3/9
  2800 | D:4      | Noticed a sky beast
  2807 | D:4      | Reached skill level 6 in Maces & Flails
  2807 | D:4      | Reached skill level 1 in Ice Magic
  3021 | D:4      | Learned a level 3 spell: Regeneration
  3188 | D:4      | Reached skill level 5 in Charms
  3188 | D:4      | Reached XP level 7. HP: 49/56 MP: 5/11
  3234 | D:4      | Found an ornate altar of the Wu Jian Council.
  3648 | D:5      | Entered Level 5 of the Dungeon
  3658 | D:5      | Reached skill level 7 in Maces & Flails
  3795 | D:5      | Reached XP level 8. HP: 39/62 MP: 6/13
  3798 | D:5      | HP: 3/62 [crocodile (3)]
  3871 | D:5      | Found Luregaas's Weapon Boutique.
  3983 | D:5      | Found Pirghoydo's Distillery.
  4021 | D:5      | Reached skill level 8 in Maces & Flails
  4286 | D:5      | Found an opulent altar of Gozag.
  4352 | D:5      | Found a hide-covered altar of Uskayaw.
  4353 | D:5      | Found a radiant altar of Vehumet.
  4354 | D:5      | Found a corrupted altar of Lugonu.
  4363 | D:5      | Found a shimmering altar of Xom.
  4406 | D:5      | Found Noypi's Gadget Boutique.
  4637 | D:5      | HP: 2/62 [orc warrior/+0 scimitar of flaming (5)]
  4642 | D:5      | HP: 1/62 [orc/cursed -3 flail (3)]
  4740 | D:6      | Reached skill level 5 in Armour
  4799 | D:6      | Found Weoroam's Book Boutique.
  4885 | D:6      | Found a shattered altar of Ashenzari.
  4889 | D:6      | Noticed a hippogriff
  4908 | D:6      | Killed a hippogriff
  4908 | D:6      | Reached skill level 9 in Maces & Flails
  4908 | D:6      | Reached XP level 9. HP: 13/68 MP: 4/14
  5053 | D:6      | Found Giskun's General Store.
  5170 | D:6      | Slain by a bullfrog

Skill      XL: |  1  2  3  4  5  6  7  8 |
---------------+-------------------------+-----
Maces & Flails | 4 5 6 7 9 |  9.4
Armour         | 2 3 5 |  5.9
Charms         | 4 5 6 |  6.9
Ice Magic      | 1 2 4 |  4.2
Spellcasting   | 3 |  3.5
Fighting       | |  2.4
Dodging        | |  1.5

Action                   |  1- 3 |  4- 6 |  7- 9 || total
-------------------------+-------+-------+-------++-------
Melee: Mace              |   131 |   174 |   343 ||   648
 Cast: Infusion          |    17 |    14 |    21 ||    52
       Song of Slaying   |     1 |     2 |     9 ||    12
       Ozocubu's Armour  |       |       |     2 ||     2
       Regeneration      |       |       |     2 ||     2
  Use: Potion            |       |     3 |     2 ||     5
       Scroll            |       |     1 |     6 ||     7
  Eat: Chunk             |     8 |    12 |    14 ||    34
       Ration            |       |       |     1 ||     1
Armor: Leather armour    |    27 |       |       ||    27
       Scale mail        |    13 |    74 |   142 ||   229
Dodge: Dodged            |   108 |   120 |   278 ||   506
Block: Other             |     1 |     4 |    53 ||    58
